Workbook
Name CMedios: Medios[Descripción]
Name CRespuestas: Fundamentación!$C$13:$C$24
Name CTramites: Fundamentación!$C$29:$C$31

Sheet Fundamentación
A1: Art | B1: Fracc | C1: Contenido
A2: 34 | B2: XV | C2: Recibir y sistematizar y, en su caso, requerir los informes mensuales que deberán enviarle los sujetos obligados, relativos a la recepción y tramitación de solicitudes de información pública que hayan recibido
A3: 54 | B3: VIII | C3: Llevar un registro de las solicitudes de acceso a la información, respuestas, resultados, costos de reproducción y envío
A4: 54 | B4: XII | C4: Informar por escrito a la CEGAIP, de forma mensual, sobre las solicitudes de información recibidas, el trámite y respuesta correspondiente en cada caso
B10: Catálogo de Tipos de Respuesta
B12: Respuesta | C12: Descripción
B13: 1 | C13: Información reservada.
B14: 2 | C14: Información confidencial.
B15: 3 | C15: Se pone a disposición la información para consulta directa.
B16: 4 | C16: Se requiere al solicitante.
B17: 5 | C17: Se tiene por no presentada la solicitud de información, por no atender requerimiento en plazo.
B18: 6 | C18: Sujeto obligado no competente, se le orienta ante qué sujeto obligado presentar su solicitud de información.
B19: 7 | C19: Información se encuentra disponible en la Plataforma.
B20: 8 | C20: Entrega de información por correo electrónico.
B21: 9 | C21: Entrega de información previo pago correspondiente.
B22: 10 | C22: Información Inexistente
B23: 11 | C23: Ampliación de Plazo
B24: 12 | C24: Otros
B26: Catálogo de Tipos de Trámites
B28: Trámite | C28: Descripción
B29: 1 | C29: Recibida
B30: 2 | C30: En trámite
B31: 3 | C31: Contestada
B34: Catálogo de Medios de Envío de la Respuesta
B36: Medio | C36: Descripción
B37: 1 | C37: PNT
B38: 2 | C38: Correo postal tradicional o por correo certificado con acuse de recibo
B39: 3 | C39: Correo electrónico
B40: 4 | C40: Personal
B41: 5 | C41: Telégrafo
B42: 6 | C42: Verbal

Sheet Formato
A1: Mes que reporta | B1: 8 | C1: <== Escriba en esta celda el número de mes que reporta y el año | F1: Resumen | G1: No. de solicitudes recibidas en el mes | H1: =COUNTIF(Formato!$L$10:$L$43,B1) -> 2 | I1: <== No escriba aquí nada, el formato calcula automáticamnete estos valores
B2: =IF(B1>0, CHOOSE(B1,"Enero", "Febrero", "Marzo", "Abril", "Mayo", "Junio", "Julio", "Agosto","Septiembre","Octubre","Noviembre","Diciembre"),"Escriba arriba número de mes a reportar") -> Agosto | G2: No. de solicitudes respondidas en el mes | H2: =COUNTIF(Formato!$M$10:$M$43,B1) -> 3 | I2: <== No escriba aquí nada, el formato calcula automáticamnete estos valores
A3: Año que reporta | B3: 2025 | M3: Notas:
M4: 1 | N4: Solamente se capturan datos en celdas en amarillo.
M5: 2 | N5: Los folios pueden ser recibidos en un mes y contestados en otro. Para su correcta contabilización, si un folio es recibido en un mes y contestado en el siguiente, deberá incluirse en ambos reportes. El resumen tomará en cuenta esto para no cotabilizarlo doble.
A6: Reporte enviado a la CEGAIP, Art 34FXV , Art 54FVIII y XII
D7: Actualizado 15/01/2020
A9: Número de folio. | B9: Nombre del solicitante | C9: Fecha de Recepción | D9: Información Solicitada | E9: Trámite | F9: Respuesta | G9: Fecha de Respuesta | H9: Resultado | I9: Costo de Reproducción | J9: Medio de Notificación | K9: Costo de envio | L9: Mes de Recepción | M9: Mes de Respuesta
A10: 241229625000010 | B10: Eduardo Ramírez Fernández | C10: 45833 | D10: A QUIEN CORRESPONDA SOLICITO A TRAVÉS DE ESTE MEDIO LO QUE A CONTINUACIÓN SE ENLISTA: 1.- NOMBRE COMPLETO Y PUESTO DEL PERSONAL ADSCRITO A DIRECCIÓN 2.- PERCEPCIONES TOTALES DEL PERSONAL MENCIONADO ANTERIORMENTE (1) 3.- INDICAR SI EL PERSONAL ADSCRITO A DIRECCIÓN OBTIENE ALGÚN INGRESO EXTRAORDINARIO A TRAVÉS DEL RECURSO FAETA. 4.- MENCIONAR SI ALGUNO DE ELLOS CUENTA CON PLAZA ADSCRITA A S.E.G.E. Y EN QUE HORARIO LABORA DENTRO DE LA INSITUTICIÓN (INSTITUTO ESTATAL DE EDUCACIÓN PARA ADULTOS), Y EN QUÉ HORARIO LABORA EN S.E.G.E. 5.- ADJUNTAR COMPROBANTE DE ESTUDIOS DE CADA PERSONA ADSCRITA A DIRECCIÓN. 6.- MENCIONAR SI LA C. MARTHA PATRICIA MELENDEZ SANTILLAN LABORA DENTRO DE LA INSITUCIÓN. 7.- INDICAR QUE TIPO DE PLAZA TIENE LA PERSONA ANTERIORMENTE MENCIONADA, ES DECIR SI ES DE BASE, CONFIANZA, HONORARIOS O PVS. 8.- MENCIONAR SI CUENTA CON ALGÚN INGRESO EXTRAORDINARIO PROPORCIONADO A TRAVÉS DEL RECURSO FAETA. 9.- ADJUNTAR COMPROBANTE DE ESTUDIOS Y FECHA EN QUE INICIO A LABORAR EN DICHA INSTITUCIÓN (INSTITUTO ESTATAL DE EDUCACIÓN PARA ADULTOS) 10.- SI LA PERSONA CUENTA CON NOMBRAMIENTO POR PARTE DE BASE CONTESTAR "1", SI LA PERSONA CUENTA CON NOMBRAMIENTO DE CONFIANZA CONTESTAR "2", SI LA PERSONA TIENE OTRO TIPO DE NOMBRAMIENTO CONTESTAR "3" SIN MAS POR EL MOMENTO RECIBA(N) USTED(ES) UN COORDIAL SALUDO, QUEDANDO PENDIENTE DE SU RESPUESTA. | E10: Contestada | F10: Otros | G10: 45874 | H10: Eduardo Ramírez Fernández Presente. Por medio del presente y con el objeto de atender en tiempo y forma la solicitud de información con número de folio 241229625000010 de fecha 25 de junio de 2025 misma que fue recibida por la Unidad de Transparencia a través de SISAI 2.0 de la Plataforma Nacional de Transparencia, por lo anterior me permito adjuntar a usted respuesta de la misma. Atentamente Lic. Jesús Agustín Martínez Morales Titular de la Unidad de Transparencia | I10: 0 | J10: PNT | K10: 0 | L10: =IF(Formato!$C10<>"",MONTH(C10),"") -> 6 | M10: =IF(Formato!$G10<>"",MONTH(G10),"") -> 8
A11: 241229625000011 | B11: Alicia de la Rosa Ramírez | C11: 45833 | D11: A QUIEN CORRESPONDA 1.- MENCIONAR SI LA C. SANDRA LUCIA RAMIREZ MARTINEZ LABORA DENTRO DE LA INSTITUCIÓN (INSTITUTO ESTATAL DE EDUCACIÓN PARA ADULTOS). 2.- INDICAR QUE TIPO DE PLAZA TIENE LA PERSONA ANTERIORMENTE MENCIONADA, ES DECIR SI ES DE BASE, CONFIANZA, HONORARIOS O PVS. 3.- MENCIONAR SI CUENTA CON ALGÚN INGRESO EXTRAORDINARIO PROPORCIONADO A TRAVÉS DEL RECURSO FAETA. 4.- ADJUNTAR COMPROBANTE DE ESTUDIOS Y FECHA EN QUE INICIO A LABORAR EN DICHA INSTITUCIÓN (INSTITUTO ESTATAL DE EDUCACIÓN PARA ADULTOS) 5.- ENLISTAR LAS FUNCIONES QUE TIENE DICHA PERSONA MENCIONADA 6.- MENCIONAR SI LA C. SANDRA LUCIA RAMIREZ MARTINEZ CUENTA CON PLAZA ADSCRITA A S.E.G.E. Y EN QUE HORARIO LABORA DENTRO DE LA INSITUTICIÓN (INSTITUTO ESTATAL DE EDUCACIÓN PARA ADULTOS), Y EN QUÉ HORARIO LABORA EN S.E.G.E. 7.- ADJUNTAR LISTA DE ASISTENCIA DE LA C. SANDRA LUCIA RAMIREZ MARTINEZ DEL AÑO 2024 SI EXISTE, AÑO EN CURSO A LA FECHA EN QUE SE RECEPCIONA DICHA SOLICITUD. | E11: Contestada | F11: Otros | G11: 45874 | H11: Alicia de la Rosa Ramírez Presente. Por medio del presente y con el objeto de atender en tiempo y forma la solicitud de información con número de folio 241229625000011 de fecha 25 de junio de 2025 misma que fue recibida por la Unidad de Transparencia a través de SISAI 2.0 de la Plataforma Nacional de Transparencia, por lo anterior me permito remitir a usted respuesta a la misma. Atentamente Lic. Jesús Agustín Martínez Morales Titular de la Unidad de Transparencia | I11: 0 | J11: PNT | K11: 0 | L11: =IF(Formato!$C11<>"",MONTH(C11),"") -> 6 | M11: =IF(Formato!$G11<>"",MONTH(G11),"") -> 8
A12: 241229625000012 | B12: Marco Herrera | C12: 45873 | D12: Se solicita acceso o documento denominado manual de organización y manual de procesos procedimientos de ese instituto estatal. | E12: Contestada | F12: Otros | G12: 45881 | H12: Marco Herrera Presente. Por medio del presente y con el objeto de atender en tiempo y forma la solicitud de información con número de folio 241229625000012 de fecha 4 de agosto de 2025 misma que fue recibida por la Unidad de Transparencia a través de SISAI 2.0 de la Plataforma Nacional de Transparencia, por lo anterior me permito contestar a la misma en los siguientes términos: Se solicita acceso o documento denominado manual de organización y manual de procesos procedimientos de ese instituto estatal. R= Es preciso señalar que derivado de la naturaleza jurídica de este Instituto Estatal de Educación para Adultos así como de su estructura orgánica, no se cuenta con un manual único, si no que cada Departamento y área cuenta con sus propios Manuales de Organización y Procedimientos. En razón de lo anterior me permito hacer de su conocimiento que los manuales de organización se encuentran visibles y en pdf en la Obligaciones de Transparencia que se publican mensualmente en la Plataforma Estatal de Transparencia, en el formato del artículo 84 fracción VII “Los manuales de organización, servicios que se ofrecen, trámites, requisitos y formatos, así como los documentos que contengan las políticas de cada dependencia y unidad administrativa, que incluya metas, objetivos y responsables de los programas operativos a desarrollar”, mediante este link http://www.cegaipslp.org.mx/webcegaip2025.nsf/xBuscadorInstitutoAdultos?OpenForm podrá localizar la fracción ya mencionada. Referente a los manuales de procedimientos de las áreas de este sujeto obligado, me permito requerirlo a usted para que se presente a las instalaciones que ocupa al Departamento de Asuntos Jurídicos y Derechos Humanos del Instituto Estatal de Educación para Adultos en el primer piso del domicilio ubicado en Comonfort 1406-A Fraccionamiento Jardines del Estadio con una memoria USB o bien que otorgue un correo electrónico con la finalidad de proporcionarle los Manuales de Procedimientos, esto derivado de la imposibilidad de migrar los archivos por el peso de MB respecto de la información requerida, por lo que se le reitera que se presente a la Institución en la fecha que usted considere. Sin otro particular por el momento, quedo de usted. ATENTAMENTE Lic. Jesús Agustín Martínez Morales Titular de la Unidad de Transparencia | I12: 0 | J12: PNT | K12: 0 | L12: =IF(Formato!$C12<>"",MONTH(C12),"") -> 8 | M12: =IF(Formato!$G12<>"",MONTH(G12),"") -> 8
A13: 2025002 | B13: Valeria Guadalupe Gutierrez Garcia | C13: 45890 | D13: Tenga a bien emitir copia certificada y/o cotejadas de las Actas de la Sesión Ordinaria de la H. Junta de Gobierno del Instituto Estatal de Educación para Adultos correspondiente al año 2024, así como el acta de la Sesión Extraordinaria celebradas en las fechas siguientes: a) Primera Sesión Ordinaria 2024 de la H. Junta de Gobierno del Instituto Estatal de Educación para Adultos de fecha 7 de marzo de 2024. b) Segunda Sesión Ordinaria 2024 de la H. Junta de Gobierno del Instituto Estatal de Educación para Adultos de fecha 13 de junio de 2024. c) Tercera Sesión Ordinaria 2024 de la H. Junta de Gobierno del Instituto Estatal de Educación para Adultos de fecha 5 de septiembre de 2024. d) Cuarta Sesión Ordinaria 2024 de la H. Junta de Gobierno del Instituto Estatal de Educación para Adultos de fecha 21 de noviembre de 2024. e) Primera Sesión Extraordinaria 2024 de la H. Junta de Gobierno del Instituto Estatal de Educación para Adultos de fecha 19 de julio de 2024. Así mismo se solicita copia certificada y/o cotejada del Acta de la Primera Sesión Ordinaria 2025 de la H. Junta de Gobierno del Instituto Estatal de Educación para Adultos de fecha 26 de febrero de 2025 con sus debidos oficios y anexos que la conforman cada una de las Actas que se han solicitado en total 5 Actas de Sesión Ordinarias y 1 Acta de Sesión Extraordinaria de acuerdo a las fechas señaladas, manifestando que para el caso de las actas no cuenten con oficios y/o anexos se deberá de manifestar los motivos o causas respectivas. Tenga a bien informar si en virtud de su naturaleza como organismo descentralizado de la función pública y ejecutor y responsable de la aplicación del gasto se apega conforme a derecho a la normatividad siguiente: a) Constitución Política del Estado Libre y Soberano de San Luis Potosí. b) Ley de Disciplina Financiera de las Entidades Federativas y Municipios. c) Ley General de Contabilidad Gubernamental. d) Ley de Presupuesto y Responsabilidad Hacendaria del Estado y Municipios del Estado de San Luis Potosí. e) Ley de Transparencia y Acceso a la Información del Estado de San Luis Potosí. Tenga a bien informar si dentro de este Organismo se encuentra integrado el Comité de Control y Desempeño Institucional. De ser afirmativo señale cuáles son sus funciones y quienes integran el comité precisando nombre y cargo y/o puesto de los titulares y en su caso suplentes. Tenga a bien informar la Normatividad que rige el Comité de Control y Desempeño Institucional. Tenga a bien expedir a mi costa copia certificada de la impresión de la presentación que debe de realizar el Comité de Control y Desempeño Institucional correspondiente a los años 2024 y 2025, prevista en el punto 41 del Acuerdo Administrativo mediante el cual se establecen las Disposiciones y el Manual Administrativo de Aplicación en Materia de Control Interno del Estado que prevé: 41. DE LA ORDEN DEL DÍA. La Orden del Día se podrá integrar conforme a lo siguiente: I. Declaración de quórum legal e inicio de la sesión. II. Lectura y aprobación del Orden del Día. III. Ratificación del acta de la sesión anterior. IV. Seguimiento de acuerdos. (Verificar que se haya efectuado el cumplimiento de los acuerdos adoptados, conforme a los términos y plazos establecidos; en caso contrario y sólo con la debida justificación, el Comité podrá fijar por única vez una nueva fecha compromiso, la cual de no cumplirse el Vocal Ejecutivo y el presidente determinará las acciones conducentes en el ámbito de sus atribuciones). V. Informe Pasivos contingentes, Juicios laborales o administrativos en contra de la Institución, en su caso, se informe al Comité sobre el impacto en el cumplimiento de metas y objetivos institucionales, considerando que su materialización pudiera representar un riesgo financiero para la institución e incidir de manera importante en su flujo de efectivo y ejercicio presupuestal (incluir los pasivos laborales y los correspondientes a juicios jurídico-contenciosos). En su caso, señalar las estrategias procesales para su atención, su avance VI. Análisis del Avance de Presupuestal. VII. Evaluación del cumplimiento de objetivos y metas (avance y resultados). VIII. Seguimiento a la implementación, establecimiento y actualización del Sistema de Control Interno Institucional (Evaluación del SCII, Matriz de Riesgos, Mapa de Riesgos, Programas de Trabajo de Control Interno y Administración de Riesgos, Reportes de Avances de Control Interno y Administración de Riesgos, Informe Anual de Control Interno, Reportes de Avances de los Programas de trabajo, Informes de evaluaciones de control interno y Administración de Riesgos e informe de resultados al informe anual según sea el caso). IX. Seguimiento al Programa de Trabajo del Comité de ética. X. Reporte de cumplimiento Plataforma Estatal de Transparencia. XI. Resumen y descripción de total de observaciones determinadas por las diferentes Instancias Fiscalizadoras, así como aquellas pendientes de solventar con antigüedad mayor a seis meses. XII. Asuntos generales. XIII. Revisión y Ratificación de Acuerdos XIV. Cierre de la sesión. Tenga a bien informar si dentro del Comité de Control y Desempeño Institucional se da a conocer a los integrantes los Procesos Laborales y/o Judiciales de ser afirmativos que medidas o acuerdos se toman en cada uno de los expedientes. | E13: En trámite | F13: Ampliación de Plazo | L13: =IF(Formato!$C13<>"",MONTH(C13),"") -> 8 | M13: =IF(Formato!$G13<>"",MONTH(G13),"")
L14: =IF(Formato!$C14<>"",MONTH(C14),"") | M14: =IF(Formato!$G14<>"",MONTH(G14),"")
L15: =IF(Formato!$C15<>"",MONTH(C15),"") | M15: =IF(Formato!$G15<>"",MONTH(G15),"")
L16: =IF(Formato!$C16<>"",MONTH(C16),"") | M16: =IF(Formato!$G16<>"",MONTH(G16),"")
L17: =IF(Formato!$C17<>"",MONTH(C17),"") | M17: =IF(Formato!$G17<>"",MONTH(G17),"")
L18: =IF(Formato!$C18<>"",MONTH(C18),"") | M18: =IF(Formato!$G18<>"",MONTH(G18),"")
L19: =IF(Formato!$C19<>"",MONTH(C19),"") | M19: =IF(Formato!$G19<>"",MONTH(G19),"")
L20: =IF(Formato!$C20<>"",MONTH(C20),"") | M20: =IF(Formato!$G20<>"",MONTH(G20),"")
L21: =IF(Formato!$C21<>"",MONTH(C21),"") | M21: =IF(Formato!$G21<>"",MONTH(G21),"")
L22: =IF(Formato!$C22<>"",MONTH(C22),"") | M22: =IF(Formato!$G22<>"",MONTH(G22),"")
L23: =IF(Formato!$C23<>"",MONTH(C23),"") | M23: =IF(Formato!$G23<>"",MONTH(G23),"")
L24: =IF(Formato!$C24<>"",MONTH(C24),"") | M24: =IF(Formato!$G24<>"",MONTH(G24),"")
L25: =IF(Formato!$C25<>"",MONTH(C25),"") | M25: =IF(Formato!$G25<>"",MONTH(G25),"")
... L43: =IF(Formato!$C43<>"",MONTH(C43),"") | M43: =IF(Formato!$G43<>"",MONTH(G43),"")
M46: NOTA:
M47: Llene tantos reglones como sea necesario, acorde al número de solicitudes recibidas
